[Event "Team 45 45 League T77"]
[Site "Internet Chess Club"]
[Date "2018.06.30"]
[Round "2"]
[White "kingsrook"]
[Black "awesomefighter"]
[Result "0-1"]
[WhiteElo "1155"]
[BlackElo "1124"]
[Opening "Grünfeld: exchange variation"]
[ECO "D85"]
[Time "19:02:57"]
[TimeControl "2700+45"]

1. d4 Nf6 2. c4 g6 3. Nc3 d5 4. cxd5 Nxd5 5. e4 Nxc3 6. bxc3 Bg7 7. Bg5 c5 8.
Rc1 cxd4 9. cxd4 Bxd4 10. Qa4+ Nc6 11. Rd1 Qb6 12. Nh3 Bxh3 13. gxh3 Bxf2+ 14.
Kd2 Qb2+ 15. Kd3 Rd8+ 16. Kc4 Rxd1 17. Qxd1 Qb4+ 18. Kd3 Ne5+ 19. Kc2 O-O 20.
Qd2 Rc8+ 21. Kd1 Qb1+ 22. Ke2 Rc2 23. Bg2 Rxd2+ 24. Bxd2 Qb6 25. Rd1 Qd4 26. Bh6
Qc4+ 27. Kxf2 f6 28. Rd8+ Kf7 29. Rf8+ Ke6 30. Bf1 Qc2+ 31. Kg1 Nf3+ {White
resigns} 0-1

[Event "Team 45 45 League T77"]
[Site "Internet Chess Club"]
[Date "2018.06.30"]
[Round "2"]
[White "renebonilla1969"]
[Black "SeniorCitizen"]
[Result "0-1"]
[WhiteElo "1149"]
[BlackElo "1251"]
[Opening "French: Rubinstein variation"]
[ECO "C10"]
[Time "14:00:22"]
[TimeControl "2700+45"]

1. e4 e6 2. d4 d5 3. Nc3 dxe4 4. Nxe4 Nf6 5. Bg5 Be7 6. Bxf6 Bxf6 7. Nxf6+ Qxf6
8. Nf3 O-O 9. Bd3 Nc6 10. c3 b6 11. O-O Bb7 12. Qc2 g6 13. Rae1 Ne7 14. Be4 Bxe4
15. Qxe4 Rfd8 16. Qe3 Nd5 17. Qh6 Qg7 18. Qxg7+ Kxg7 19. Ne5 Ne7 20. f4 b5 21.
Nd3 Rd5 22. Nb4 Rd6 23. Re5 a5 24. Nd3 c6 25. Nc5 Rd5 26. Rxd5 Nxd5 27. g3 Nf6
28. Kg2 Ra7 29. Ne4 Nxe4 {White resigns} 0-1

[Event "Team 45 45 League T77"]
[Site "Internet Chess Club"]
[Date "2018.06.30"]
[Round "2"]
[White "howah45"]
[Black "Ticktockman"]
[Result "0-1"]
[WhiteElo "1055"]
[BlackElo "1158"]
[Opening "Scandinavian (center counter) defense"]
[ECO "B01"]
[Time "10:00:34"]
[TimeControl "2700+45"]

1. e4 d5 2. exd5 Qxd5 3. Nc3 Qe5+ 4. Qe2 Qxe2+ 5. Bxe2 e6 6. Nf3 Nf6 7. Bc4 g6
8. d3 Bg7 9. Bf4 c6 10. Bb3 O-O 11. O-O Nbd7 12. Rad1 Nc5 13. Bc4 b5 14. Bb3
Nxb3 15. cxb3 Nd5 16. Bd6 Re8 17. Bb4 Nxb4 18. a3 Nd5 19. d4 Bb7 20. Rfe1 b4 21.
Na4 bxa3 22. bxa3 Bf8 23. Nc5 Bxc5 24. dxc5 Nf6 25. Ne5 Rad8 26. h3 Rxd1 27.
Rxd1 Nd5 28. Nd7 Kg7 29. f3 Nc3 30. Rd3 Ne2+ 31. Kf2 Nf4 32. Rd4 Nd5 33. Kg3 Bc8
34. Ne5 Bb7 35. f4 f6 36. Nd7 Kf7 37. Nb6 axb6 38. cxb6 Nxb6 39. Rb4 Nd5 40.
Rxb7+ Re7 41. Rxe7+ Kxe7 42. Kf3 Kd6 43. Ke4 Kc5 44. Kd3 Nxf4+ 45. Kc3 Nxg2 46.
b4+ Kb5 47. Kb3 Nf4 48. a4+ Kb6 49. Kc4 Nxh3 50. a5+ Kc7 51. Kc5 e5 52. Kc4 Nf2
53. Kc3 h5 54. Kd2 h4 55. Ke2 Ne4 56. Kf3 f5 57. Kg2 Kb7 58. a6+ Kxa6 {White
resigns} 0-1

[Event "Team 45 45 League T77"]
[Site "Internet Chess Club"]
[Date "2018.06.30"]
[Round "2"]
[White "Graybeard"]
[Black "oldbookseller"]
[Result "1-0"]
[WhiteElo "1017"]
[BlackElo "983"]
[Opening "Robatsch (modern) defense"]
[ECO "B06"]
[Time "15:00:22"]
[TimeControl "2700+45"]

1. e4 g6 2. Nf3 Bg7 3. Nc3 Nf6 4. e5 Ng4 5. d4 O-O 6. h3 Nh6 7. Bf4 Nf5 8. g4
Bh6 9. Qd2 d6 10. Bxh6 Re8 11. gxf5 Bxf5 12. O-O-O Nd7 13. Nh4 Be6 14. d5 Nxe5
15. dxe6 fxe6 16. Rg1 c5 17. f4 Nc6 18. a3 Qb6 19. Nxg6 Nd4 20. Nxe7+ Kh8 21.
Bg7# {Black checkmated} 1-0